 Dungeon Crawl Stone Soup version 0.32-a0-685-g93135e86f0 (webtiles) character file.

Game seed: 16720116516254111699

114 pokeman the Magician (level 4, -6/25 HPs)
             Began as a Deep Elf Hedge Wizard on Mar 13, 2024.
             Mangled by a goblin
             ... wielding a +0 dagger of electrocution
             ... led by Robin
              (18 damage)
             ... on level 3 of the Dungeon.
             The game lasted 00:03:44 (2498 turns).

pokeman the Magician (Deep Elf Hedge Wizard)        Turns: 2498, Time: 00:03:45

Health: -6/25      AC: 15    Str:  7    XL:     4   Next: 66%
Magic:  11/13      EV: 12    Int: 21    God:
Gold:   193        SH:  0    Dex: 14    Spells: 3/14 levels left

rFire   . . .        k - +0 long sword (protect)
rCold   . . .        (no shield)
rNeg    . . .        r - +2 robe
rPois   .            o - +2 hat
rElec   .            (no cloak)
rCorr   .            (no gloves)
SInv    .            q - +1 pair of boots
Will    .....        (no amulet)
Stlth   ++           (no ring)
HPRegen 0.24/turn    (no ring)
MPRegen 0.13/turn

%: no passive effects
@: under a protective aura
A: no striking features
a: no special abilities


You were on level 3 of the Dungeon.
You visited 1 branch of the dungeon, and saw 3 of its levels.

You collected 193 gold pieces.

Inventory:

Hand Weapons
 k - a +0 long sword of protection (weapon)
Armour
 o - a +2 hat (worn)
 q - a +1 pair of boots (worn)
 r - a +2 robe (worn)
Magical Staves
 n - a staff of fire
Jewellery
 h - an amulet of faith
Wands
 a - a wand of polymorph (3)
Scrolls
 c - a scroll of acquirement {unknown}
 e - 2 scrolls of identify {unknown}
 f - a scroll of revelation {unknown}
 g - a scroll of teleportation {unknown}
 i - 2 scrolls of blinking {unknown}
 j - a scroll of fear {unknown}
 l - a scroll of fog {unknown}
 s - a scroll of brand weapon {unknown}
Potions
 b - a potion of lignification {unknown}
 d - a potion of magic
 m - 3 potions of curing {unknown}
 p - a potion of attraction {unknown}


   Skills:
 - Level 1.0 Fighting
 - Level 1.0 Armour
 + Level 2.7 Dodging
 + Level 2.8 Stealth
 * Level 5.8 Spellcasting
 + Level 2.3 Conjurations
 - Level 1.1 Summonings
 - Level 1.1 Translocations


You had 3 spell levels left.
You knew the following spells:

 Your Spells              Type           Power      Damage    Failure   Level
a - Magic Dart            Conj           64%        1d6       3%          1
b - Mephitic Cloud        Conj/Alch/Air  9%         N/A       22%         3
c - Call Imp              Summ           20%        N/A       10%         2
d - Blink                 Tloc           20%        N/A       10%         2
e - Stone Arrow           Conj/Erth      22%        3d8       19%         3

Your spell library contained the following spells:

 Spells                   Type           Power      Damage    Failure   Level
 Sandblast                Erth           12%        2d6       10%         1
 Slow                     Hex            24%        N/A       10%         1
 Cigotuvi's Dreadful Rot  Necr/Alch/Air  12%        N/A       16%         2
 Brom's Barrelling Bould  Conj/Erth      11%        2d3       52%         4


Dungeon Overview and Level Annotations

Branches:
Dungeon (3/15)

Altars:

Shops:
D:2 (

Annotations:
D:3 Robin


Message History

You hit the goblin.
Your weapon exudes an aura of protection.
The goblin is heavily wounded.
A goblin comes into view. It is wielding a +0 club.
The goblin closely misses you. The goblin hits you but does no damage.
The hobgoblin barely misses you. The goblin barely misses you.
You hit the goblin.
You kill the goblin!
The hobgoblin barely misses you. The goblin barely misses you.
Robin roars a battlecry!
The goblins go into a battle-frenzy!
The hobgoblin attacks as it pursues you!
The hobgoblin hits you but does no damage.
You slash the hobgoblin!
You kill the hobgoblin!
The goblin hits you but does no damage. Robin throws the goblin at you!
You hit the goblin.
The goblin is moderately wounded.
The goblin hits you but does no damage. The goblin misses you.
The goblin closely misses you.
You hit the goblin.
You kill the goblin!
The goblin closely misses you.
Things that are here:
a +0 club; a goblin corpse You hit the goblin.
The goblin is heavily wounded.
The goblin barely misses you. Robin throws the goblin at you!
The goblin closely misses you.
Robin roars a battlecry!
The goblins go into a battle-frenzy!
The goblin hits you but does no damage. x2
You barely miss the goblin. The goblin hits you but does no damage.
You are electrocuted!
The goblin hits you but does no damage.
You hit the goblin.
The goblin is severely wounded.
The goblin misses you.
The goblin hits you but does no damage. x2
You are electrocuted!!
Ouch! That really hurt!
You die...

... ##.....####.# .....
#......#....## g....
#..#...#.....† #g#g#
#..#......# #g#.#
#..#..)...# #g#g#
#†........# #.#.#
#...#.....#
#?#g######...#.†...#
#..ggg@g.....#.....# #
########.######.#.#.....#.#
.......#.######.#.#.......#
................#.....#.#.#
######.#.##########.#.#.###
...#...................
################.#..####
#.#....# #.##.#.#


You could see Robin and 4 goblins.

Vanquished Creatures
  A hound (D:2)
  Jessica (D:2)
  An adder (D:3)
  A dart slug (D:1)
  5 ball pythons
  7 endoplasms
  2 giant cockroaches (D:1)
  10 goblins
  2 hobgoblins (D:3)
  A kobold (D:1)
  3 quokkas
  A bat (D:3)
  4 frilled lizards
  6 rats
45 creatures vanquished.

Notes
Turn   | Place    | Note
-------+----------+-------------------------------------------
     0 | D:1      | pokeman the Deep Elf Hedge Wizard began the quest for the
                  | Orb.
     0 | D:1      | Reached XP level 1. HP: 10/10 MP: 7/7
    29 | D:1      | Found a faded altar of an unknown god.
   326 | D:1      | Reached XP level 2. HP: 16/16 MP: 6/9
   868 | D:1      | Reached skill level 5 in Spellcasting
  1286 | D:2      | Reached XP level 3. HP: 20/20 MP: 3/11
  1290 | D:2      | Learned a level 3 spell: Mephitic Cloud
  1293 | D:2      | Learned a level 2 spell: Call Imp
  1296 | D:2      | Learned a level 2 spell: Blink
  1300 | D:2      | Learned a level 3 spell: Stone Arrow
  1508 | D:2      | Reached skill level 1 in Fighting
  1508 | D:2      | Reached skill level 1 in Armour
  1790 | D:2      | Noticed Jessica
  1803 | D:2      | Killed Jessica
  1804 | D:2      | Reached XP level 4. HP: 24/25 MP: 9/13
  1914 | D:2      | Found Negeefoc's Antique Weapon Emporium.
  2477 | D:3      | Noticed Robin
  2498 | D:3      | Mangled by a goblin

Illustrated notes

Levels and vault maps discovered:
D:1:      amcnicky_arrival_abandoned_market, layout_basic,
          ebering_ecumenical_altar_abandoned, amcnicky_mini_corridor_feature,
          corexii_leaking_fountain, chequers_serial_rivers_micro_c,
          minmay_tromino_v7
D:2:      layout_basic, serial_shops, shop, kennysheep_jessica_study
D:3:      layout_basic, uniq_robin

Skill      XL: |  1  2  3 |
---------------+----------+-----
Spellcasting   | 5 |  5.8
Fighting       | 1 |  1.0
Armour         | 1 |  1.0
Conjurations   | 2 |  2.3
Dodging        | |  2.7
Stealth        | |  2.8
Summonings     | |  1.1
Translocations | |  1.1

Action                     |  1- 3 |  4- 6 || total
---------------------------+-------+-------++-------
  Melee: Dagger            |    17 |       ||    17
         Long sword        |     7 |    10 ||    17
   Cast: Magic Dart        |    75 |    18 ||    93
         Mephitic Cloud    |     1 |       ||     1
 Armour: Robe              |    25 |    16 ||    41
  Dodge: Dodged            |    22 |    16 ||    38

Table legend: (Time is in decaauts)
 A = Elapsed time spent in this place.
 B = Non-inter-level travel time spent in this place.
 C = Inter-level travel time spent in this place.
 D = Time resting spent in this place.
 E = Time spent auto-exploring this place.
 F = Levels seen in this place.
 G = Mean time per level.
                   A        B        C        D        E       F      G
               +--------+--------+--------+--------+--------+-----+--------+
         Total |   2503 |   2446 |     57 |      0 |   2110 |   3 |  834.3 |
       Dungeon |   2503 |   2446 |     57 |      0 |   2110 |   3 |  834.3 |
               +--------+--------+--------+--------+--------+-----+--------+

Top non-repeatable levels by time:
     D:2: 1136 daAuts
     D:1: 1127 daAuts
     D:3: 240 daAuts
